 Seeded DCSS version 0.28-a0-1555-g9ae15a6949 (webtiles) character file.

Game seed: 22 (custom seed)

28 knot the Chopper (level 3, 27/29 HPs)
             Began as a Demonspawn Berserker on Jan 19, 2022.
             Was a Follower of Trog.
             Quit the game on level 2 of the Dungeon.
             The game lasted 00:01:31 (2115 turns).

knot the Chopper (Demonspawn Berserker)             Turns: 2115, Time: 00:01:31

Health: 27/29      AC:  2    Str: 17    XL:     3   Next: 0%
Magic:  3/3        EV: 12    Int: 10    God:    Trog [*.....]
Gold:   38         SH:  0    Dex: 12    Spells: 2/2 levels left

rFire   . . .      SeeInvis .   a - +0 hand axe
rCold   . . .      Faith    .   (no shield)
rNeg    . . .      Spirit   .   b - +0 animal skin
rPois   .          Reflect  .   (no helmet)
rElec   .          Harm     .   (no cloak)
rCorr   .          Rampage  .   (no gloves)
Will    .....                   (no boots)
Stlth   +.........              (no amulet)
HPRegen 0.09/turn               (no ring)
MPRegen 0.08/turn               (no ring)

@: no status effects
A: foul stench 1, sturdy frame 1
a: Renounce Religion, Berserk


You were on level 2 of the Dungeon.
You worshipped Trog.
Trog was aware of your devotion.
You visited 1 branch of the dungeon, and saw 2 of its levels.

You collected 38 gold pieces.

Inventory:

Hand Weapons
 a - a +0 hand axe (weapon)
Missiles
 c - 6 sling bullets
 d - 67 stones
 h - a poisoned dart (quivered)
Armour
 b - a +0 animal skin (worn)
Jewellery
 e - a ring of ice
Potions
 f - 2 potions of curing {unknown}
 g - 2 potions of mutation {unknown}
 i - a potion of lignification {unknown}


   Skills:
 - Level 3.0 Fighting
 * Level 3.8 Axes
 * Level 0.0 Throwing
 - Level 1.7 Armour
 - Level 1.7 Dodging


You had 2 spell levels left.
You didn't know any spells.
Your spell library contained the following spells:

 Spells                   Type           Power      Damage    Failure   Level
 Magic Dart               Conj           0%         1d3       36%         1
 Searing Ray              Conj           0%         2d4       50%         2
 Fulminant Prism          Conj/Hex       0%         3d6       98%         4


Dungeon Overview and Level Annotations

Branches:
Dungeon (2/15)

Altars:

Shops:
D:1 *[[[(


Innate Abilities, Weirdness & Mutations

You may rarely emit foul miasma when damaged in melee.
Your movements are slightly less encumbered by armour. (ER -2)


Message History

The goblin shouts!
You hear an angry hiss. x3
There is a stone staircase leading up here.
A goblin is nearby!
Throw: 2 darts (poison)
Press: ? - help, Q - select action, (/) - cycle Shift-Dir - straight line, f - goblin
Aim: a goblin, wielding a +0 club (50% to hit)
You throw a poisoned dart. The poisoned dart hits the goblin.
The goblin is poisoned.
Unknown command. 2 frilled lizards come into view.
The frilled lizard hisses angrily. x2; You hear an angry hiss.
A bat comes into view.
The frilled lizard moves out of view. 2 frilled lizards come into view.
The frilled lizard hisses angrily.
A frilled lizard comes into view.
You barely miss the goblin.
The goblin is moderately wounded.
You kill the goblin!
Trog accepts your kill. The bat hits you but does no damage.
You closely miss the bat. The bat closely misses you.
Throw: dart (poison)
Press: ? - help, Q - select action, (/) - cycle Shift-Dir - straight line, f - frilled lizard
Aim: a frilled lizard (38% to hit)
Okay, then.
The frilled lizard hisses angrily.
The bat closely misses you. The bat hits you but does no damage.
The frilled lizard completely misses you.
You hit the bat but do no damage. You barely miss the frilled lizard.
You hit the frilled lizard.
You kill the frilled lizard!
Trog accepts your kill. The bat closely misses you.
The frilled lizard bites you.
You have reached level 3!
Your experience leads to an increase in your attributes!
Increase (S)trength, (I)ntelligence, or (D)exterity?
You feel clever. x2; Your demonic ancestry asserts itself...
You begin to emit a foul stench of rot and decay.
Are you sure you want to abandon this character and quit the game? (Confirm with "yes".)

..# ≈≈≈≈ # .. ...
≈≈≈≈ #. #. #.#
.≈≈≈≈ #.###.
#.##.≈≈≈≈ #.....
#.#...≈≈.
#.....###..ll....
#........llb.....
#.....###@..(....
#.....<..)##.#...
##.########


You could see a bat and 4 frilled lizards.

Vanquished Creatures
  5 bats (D:1)
  2 endoplasms (D:1)
  A giant cockroach (D:1)
  6 goblins
  3 kobolds (D:1)
  3 ball pythons (D:1)
  4 frilled lizards
  2 rats (D:1)
26 creatures vanquished.

Notes
Turn   | Place    | Note
-------+----------+-------------------------------------------
     0 | D:1      | knot the Demonspawn Berserker began the quest for the Orb.
     0 | D:1      | Reached XP level 1. HP: 18/18 MP: 1/1
   134 | D:1      | Found Vuho's Antique Armour Emporium.
   139 | D:1      | Found Remimu's Antique Armour Shoppe.
   150 | D:1      | Found Botelyec's Antique Armour Shop.
   590 | D:1      | Found a faded altar of an unknown god.
   600 | D:1      | Gained mutation: Your movements are slightly less
                  | encumbered by armour. (ER -2) [demonic ancestry]
   600 | D:1      | Reached XP level 2. HP: 22/24 MP: 2/2
   675 | D:1      | Found Fikkeoga's General Store.
  1296 | D:1      | Found Fugyevit's Antique Weapon Shoppe.
  2115 | D:2      | Gained mutation: You may rarely emit foul miasma when
                  | damaged in melee. [demonic ancestry]
  2115 | D:2      | Reached XP level 3. HP: 27/29 MP: 3/3
  2115 | D:2      | Quit the game

Illustrated notes

Levels and vault maps discovered:
D:1:      dpeg_arrival_snail, layout_loops_corners, serial_shops,
          nicolae_square_shop, nicolae_square_shop, shop_fountains, shop_statue,
          shop, hellmonk_ecumenical_altar_zigzags, roderic_roman_lattice,
          minmay_tromino_v7
D:2:      layout_loops_corners, serial_shops, shop,
          ebering_dispersal_statue_hall, minmay_lizard_pond

Skill      XL: |  1 |
---------------+----+-----
Axes           | 3 |  3.8
Fighting       | |  3.0
Armour         | |  1.7
Dodging        | |  1.7

Action                   || total
-------------------------++-------
Melee: Hand axe          ||    73
       Punch             ||     1
Throw: Dart              ||     1
Invok: Berserk           ||     1
Armor: Animal skin       ||    22
Dodge: Dodged            ||    59

Table legend: (Time is in decaauts)
 A = Elapsed time spent in this place.
 B = Non-inter-level travel time spent in this place.
 C = Inter-level travel time spent in this place.
 D = Time resting spent in this place.
 E = Time spent auto-exploring this place.
 F = Levels seen in this place.
 G = Mean time per level.
                   A        B        C        D        E       F      G
               +--------+--------+--------+--------+--------+-----+--------+
         Total |   2135 |   2126 |      9 |    639 |   1310 |   2 | 1067.5 |
       Dungeon |   2135 |   2126 |      9 |    639 |   1310 |   2 | 1067.5 |
               +--------+--------+--------+--------+--------+-----+--------+

Top non-repeatable levels by time:
     D:1: 2127 daAuts
     D:2: 8 daAuts
